AoeStats
← FrankSinatrap

Arabian Desert

509819248Analyzed
1v1 RM · 5d ago on Sep 28, 2026· 47m 5s· 2 players
Game mode
Random Map
Map size
Tiny (2 player)
Population
200
Speed
Normal
Resources
Standard
Victory
Conquest
Starting age
Dark Age
Ending age
Imperial Age
RankedLock teamsTeams togetherTeam positionsShared explorationLock speedFull tech treeHidden civsTurbo modeCheats
Victory
Defeat
🇲🇽 Vikings · Mexico
1192
+25
🇨🇦 Mongols · Canada
1155
-14
FrankSinatrap
7:00 Loom
9:22 Feudal Age
9:31 Man-at-Arms
10:14 Double-Bit Axe
12:13 Horse Collar
22:16 Castle Age
20:50 Fletching
21:01 Padded Archer Armor
22:54 Bodkin Arrow
22:25 Crossbowman
24:40 Bow Saw
24:37 Scale Mail Armor
25:19 Forging
24:31 Pikeman
33:04 Ballistics
33:57 Chain Mail Armor
36:10 Leather Archer Armor
39:05 Imperial Age
36:42 Gold Mining
36:43 Stone Mining
38:06 Masonry
38:04 Town Watch
39:59 Bracer
41:19 Chemistry
42:04 Arbalester
dteeuwsen17
8:36 Feudal Age
10:44 Bloodlines
11:01 Double-Bit Axe
12:33 Loom
18:05 Horse Collar
19:51 Forging
24:30 Castle Age
23:04 Scale Barding Armor
24:31 Light Cavalry
25:33 Chain Barding Armor
25:46 Heavy Plow
29:11 Town Watch
32:54 Wheelbarrow
32:37 Fletching
46:10 Imperial Age
Connection lost

Rejoining the realm…

Still unreachable

The connection could not be restored.

Session expired

The server has moved on; the page needs a fresh start.